 Dungeon Crawl Stone Soup version 0.20.1-1-g8b1a95d (webtiles) character file.

492 Gremour the Cleaver (level 7, 0/57 HPs)
             Began as a Hill Orc Abyssal Knight on Oct 30, 2017.
             Was a Believer of Lugonu.
             Shot with an arrow by a centaur (2 damage)
             ... on level 5 of the Dungeon.
             The game lasted 00:24:20 (4147 turns).

Gremour the Cleaver (Hill Orc Abyssal Knight)       Turns: 4147, Time: 00:24:21

Health: 0/57       AC:  6    Str: 15    XL:     7   Next: 14%
Magic:  0/8        EV: 10    Int: 12    God:    Lugonu [**....]
Gold:   184        SH:  0    Dex: 12    Spells: 6/6 levels left

rFire    . . .     SeeInvis +   f - -1 hand axe (curse)
rCold    . . .     Gourm    .   (no shield)
rNeg     . . .     Faith    .   s - +0 ring mail
rPois    .         Spirit   +   d - +2 hat
rElec    .         Reflect  .   g - +1 cloak
rCorr    .         Harm     .   (no gloves)
MR       .....                  (no boots)
Stlth    +.........             e - amulet of guardian spirit
Regen    0.2/turn               (no ring)
MPRegen  0.2/turn               (no ring)

@: heavily drained
A: see invisible, deformed body, no potion heal 1
a: Depart the Abyss, Bend Space, Renounce Religion


You were on level 5 of the Dungeon.
You worshipped Lugonu.
Lugonu was pleased with you.
You were not hungry.

You visited 1 branch of the dungeon, and saw 5 of its levels.
You visited the Abyss 1 time.

You collected 184 gold pieces.

Inventory:

Hand Weapons
 a - a +4 war axe
 f - a cursed -1 hand axe (weapon)
 i - a +1 hand axe
 q - a +3 mace of protection
Missiles
 b - a throwing net (quivered)
Armour
 d - a +2 hat (worn)
 g - a +1 cloak (worn)
 s - a +0 ring mail (worn)
Jewellery
 e - an amulet of guardian spirit (around neck)
Scrolls
 j - 2 scrolls of identify
 l - 4 scrolls of teleportation
 m - 2 scrolls of magic mapping
 n - a scroll of recharging
Comestibles
 c - 3 bread rations
 h - a royal jelly
 k - a chunk of flesh
 r - a meat ration


   Skills:
 - Level 3.6(2.4) Fighting
 * Level 8.5(7.7) Axes
 - Level 3.9(4.7) Maces & Flails
 - Level 2.1(1.0) Armour
 - Level 0.7(0.0) Dodging
 - Level 2.4(1.2) Invocations


You had 6 spell levels left.
You didn't know any spells.

Dungeon Overview and Level Annotations

Branches:
Dungeon (5/15)
 Temple: D:4-7

Altars:
Elyvilon
Xom

Annotations:
D:3 Grinder
D:4 Darkyelf's ghost, novice FoAK; Edmund


Innate Abilities, Weirdness & Mutations

You have supernaturally acute eyesight. (SInv)
Armour fits poorly on your strangely shaped body.
Potions are less effective at restoring your health.


Message History

* * * LOW HITPOINT WARNING * * *
The centaur hits you but does no damage.
The bullfrog zombie hits you.
* * * LOW HITPOINT WARNING * * *
The centaur closely misses you.
You miss the centaur. You barely miss the bullfrog zombie.
You feel less invigorated.
You feel less confused. The centaur closely misses you.
The bullfrog zombie hits you.
* * * LOW HITPOINT WARNING * * *
Space bends around you!
You blink.
The centaur wields an uncursed shortbow.
The centaur shoots an arrow.
The arrow closely misses you.
The centaur shoots an arrow.
The arrow hits you.
* * * LOW HITPOINT WARNING * * *
You see here an arrow.
The centaur shoots an arrow.
The arrow hits you.
* * * LOW HITPOINT WARNING * * *
The centaur shoots an arrow.
The arrow hits you.
You die...

.. .. ### ... #.
..#
...##.#####.######
#.....#.....#....#
#............#....#
#............#..#.#
##............#...#
....#+###..##.@.#.#
#.$...(...((.#<..#
#.#......Z.......#
+.........######
#((.......#
#..(c.....#
#.........#
#..?......#
#.........#


You could see a centaur and a bullfrog zombie.

Vanquished Creatures
  The ghost of Linguinho the Sneak, an amateur DsAs of Cheibriados (D:3)
  An ogre (D:3)
  A centaur skeleton (D:5)
  A worker ant (D:4)
  3 orc wizards (D:4)
  A howler monkey skeleton (D:5)
  7 adders
  A dart slug (D:3)
  2 leopard geckos
  14 orcs
  6 bats
  4 giant cockroaches
  7 goblins
  5 hobgoblins
  3 jackals (D:4)
  4 frilled lizards
  6 kobolds
  2 rats
69 creatures vanquished.

Notes
Turn   | Place    | Note
-------+----------+-------------------------------------------
     0 | Abyss:1  | Gremour the Hill Orc Abyssal Knight began the quest for the Orb.
     0 | Abyss:1  | Reached XP level 1. HP: 19/19 MP: 2/2
     2 | D:1      | Escaped the Abyss
   126 | D:1      | Reached skill level 3 in Axes
   434 | D:1      | Reached XP level 2. HP: 24/26 MP: 1/3
   568 | D:2      | Reached skill level 4 in Axes
   836 | D:2      | Reached XP level 3. HP: 22/31 MP: 2/4
   909 | D:2      | Reached skill level 5 in Axes
  1239 | D:3      | Noticed Linguinho's ghost (amateur DsAs)
  1257 | D:3      | Gained mutation: Scrolls take you a little longer to read. [potion of mutation]
  1257 | D:3      | Gained mutation: You are partially covered in iridescent scales. (AC +2) [potion of mutation]
  1285 | D:3      | Killed Linguinho's ghost
  1285 | D:3      | Reached skill level 7 in Axes
  1285 | D:3      | Reached skill level 1 in Maces & Flails
  1285 | D:3      | Reached XP level 4. HP: 16/39 MP: 3/5
  1285 | D:3      | Reached XP level 5. HP: 18/45 MP: 3/6
  1571 | D:3      | Reached ** piety under Lugonu
  1781 | D:3      | Found a white marble altar of Elyvilon.
  1801 | D:3      | Lost mutation: You are partially covered in iridescent scales. (AC +2) [potion of mutation]
  1801 | D:3      | Lost mutation: Scrolls take you a little longer to read. [potion of mutation]
  1801 | D:3      | Gained mutation: Armour fits poorly on your strangely shaped body. [potion of mutation]
  1801 | D:3      | Gained mutation: Potions are less effective at restoring your health. [potion of mutation]
  1801 | D:3      | Gained mutation: You have supernaturally acute eyesight. (SInv) [potion of mutation]
  2213 | D:4      | Noticed Grinder
  2213 | D:4      | Noticed Darkyelf's ghost (novice FoAK)
  2603 | D:2      | Reached XP level 6. HP: 50/51 MP: 7/7
  2812 | D:4      | Found a shimmering altar of Xom.
  3190 | D:4      | Reached skill level 8 in Axes
  3390 | D:4      | Noticed Edmund
  3645 | D:3      | Reached XP level 7. HP: 57/57 MP: 8/8
  4095 | D:5      | Entered Level 5 of the Dungeon
  4146 | D:5      | HP: 2/57 [centaur/arrow (4)]
  4147 | D:5      | Shot with an arrow by a centaur

Skill      XL: |  1  2  3  4  5  6 |
---------------+-------------------+-----
Axes           | 3 4 7 8 |  8.5
Maces & Flails | 1 2 3 |  3.9
Fighting       | |  3.6
Armour         | |  2.1
Dodging        | |  0.7
Invocations    | |  2.4

Action                   |  1- 3 |  4- 6 |  7- 9 || total
-------------------------+-------+-------+-------++-------
Melee: Hand axe          |    84 |   102 |    88 ||   274
       Mace              |    40 |    86 |       ||   126
Throw: Throwing net      |     1 |     4 |       ||     5
Invok: Bend Space        |       |     1 |     1 ||     2
  Use: Potion            |     4 |     4 |     1 ||     9
       Scroll            |       |    10 |       ||    10
  Eat: Chunk             |     1 |     2 |       ||     3
       Meat ration       |       |     2 |       ||     2
Armor: Chain mail        |    84 |    55 |       ||   139
       Ring mail         |       |    36 |    45 ||    81
Dodge: Dodged            |    47 |    85 |    58 ||   190
